 Dungeon Crawl Stone Soup version 0.22.1-1-ga44c0e56f4 (webtiles) character file.

273 Cykl0x the Chopper (level 6, -4/48 HPs)
             Began as a Demonspawn Fighter on Oct 3, 2018.
             Slain by an orc priest
             ... wielding a +0 flail
              (9 damage)
             ... on level 3 of the Dungeon.
             The game lasted 00:10:06 (2026 turns).

Cykl0x the Chopper (Demonspawn Fighter)             Turns: 2026, Time: 00:10:07

Health: -4/48      AC:  8    Str: 18    XL:     6   Next: 2%
Magic:  6/6        EV:  7    Int:  9    God:
Gold:   148        SH:  9    Dex: 13    Spells: 5/5 levels left

rFire    . . .     SeeInvis .   a - +0 war axe
rCold    . . .     Gourm    .   c - +0 shield
rNeg     . . .     Faith    .   b - +0 scale mail
rPois    .         Spirit   .   (no helmet)
rElec    .         Reflect  .   (no cloak)
rCorr    .         Harm     .   o - +0 pair of gloves
MR       .....                  (no boots)
Stlth    ..........             (no amulet)
HPRegen  0.16/turn              (no ring)
MPRegen  0.10/turn              (no ring)

@: no status effects
A: talons 1, rot immunity
a: no special abilities


You were on level 3 of the Dungeon.
You were not hungry.

You visited 1 branch of the dungeon, and saw 3 of its levels.

You collected 148 gold pieces.

Inventory:

Hand Weapons
 a - a +0 war axe (weapon)
Missiles
 h - 120 stones (quivered)
Armour
 b - a +0 scale mail (worn)
 c - a +0 shield (worn)
 o - a +0 pair of gloves (worn)
Jewellery
 g - an uncursed ring of resist corrosion {unknown}
 i - a cursed ring of positive energy
 j - an uncursed ring of ice
Scrolls
 l - a scroll of teleportation
 p - a scroll of magic mapping
 q - 2 scrolls of identify
 r - 3 scrolls of remove curse {unknown}
 s - a scroll of blinking {unknown}
Potions
 d - 2 potions of might
 e - 3 potions of heal wounds {unknown}
 k - 3 potions of brilliance {unknown}
 n - a potion of agility {unknown}
Comestibles
 f - 5 rations
 m - 7 chunks of flesh


   Skills:
 + Level 3.9 Fighting
 + Level 4.0 Axes
 + Level 3.3 Armour
 + Level 1.2 Dodging
 + Level 3.4 Shields


You had 5 spell levels left.
You didn't know any spells.
Your spell library contained the following spells:

 Spells                   Type           Power        Failure   Level  Hunger
 Confusing Touch          Hex            #.....       99%         1    ##.....
 Confuse                  Hex            #.......     100%        3    ####...
 Gell's Gravitas          Tloc           #.........   100%        3    ####...
 Petrify                  Tmut/Erth      #.......     100%        4    #####..
 Metabolic Englaciation   Hex/Ice        #.........   100%        5    ######.
 Yara's Violent Unravell  Hex/Tmut       #.........   100%        5    ######.


Dungeon Overview and Level Annotations

Branches:
Dungeon (3/15)

Altars:
Ashenzari
Cheibriados
Fedhas
Hepliaklqana
Kikubaaqudgha
Nemelex Xobeh
Qazlal
Wu Jian

Annotations:
D:1 1 runed door


Innate Abilities, Weirdness & Mutations

You have sharp toenails.
You are immune to rotting.


Message History

You barely miss the orc priest. You claw the orc priest.
The orc priest is moderately wounded.
The orc priest calls down the wrath of Beogh upon you.
Beogh smites you!
The orc priest begins to cast a cantrip, but forgets the words!
You closely miss the orc priest.
You claw the orc priest, but do no damage.
The orc priest is moderately wounded.
The orc priest mumbles some strange prayers to Beogh against you.
Beogh smites you!
* * * LOW HITPOINT WARNING * * *
Your scale mail prevents you from hitting the orc priest.
The orc priest is moderately wounded.
The orc priest hits you with a flail.
* * * LOW HITPOINT WARNING * * *
You hit the orc priest but do no damage.
Your kick misses the orc priest.
The orc priest is moderately wounded.
The orc priest hits you with a flail!
You die...

*,*,,,,,,,* **,** *,
*,*,##.##,* *,* **
##,*,#...*,****,** *
#..,,,._.,,,,,*,,****
*
#.##,*...*,*,,,,,,,,*
*
#.##.##.##,*,***,**,*
* #.#*,....,,*,*
*,,,,* #.#***#o####.#
*,,,,* #.#####@.)...#
**,,,*
#...รท)..###### **,,*
** #.####### *,,***,
#.# *,,,,<> #.#
*,****, #.# *,* *,
#.# *,* #. #.# *,* #.
#.# *,* #.


You could see an orc priest.

Vanquished Creatures
  A howler monkey (D:3)
  2 crimson imps
  An orc priest (D:3)
  5 adders
  An ooze (D:3)
  2 worms (D:3)
  6 dart slugs
  2 leopard geckos
  2 orcs (D:3)
  4 giant cockroaches
  7 goblins
  6 hobgoblins
  7 jackals (D:3)
  A quokka (D:2)
  6 bats
  A frilled lizard (D:1)
  7 kobolds
  5 rats
66 creatures vanquished.

Notes
Turn   | Place    | Note
-------+----------+-------------------------------------------
     0 | D:1      | Cykl0x the Demonspawn Fighter began the quest for the Orb.
     0 | D:1      | Reached XP level 1. HP: 18/18 MP: 1/1
     1 | D:1      | Found a runed door.
    34 | D:1      | Gained mutation: You have sharp toenails. [demonic
                  | ancestry]
    34 | D:1      | Reached XP level 2. HP: 16/24 MP: 2/2
    81 | D:1      | Reached skill level 2 in Axes
   305 | D:1      | Reached XP level 3. HP: 29/29 MP: 3/3
   688 | D:1      | You fall through a shaft!
  1035 | D:2      | Reached XP level 4. HP: 28/35 MP: 4/4
  1056 | D:2      | Found a stormy altar of Qazlal.
  1059 | D:2      | Found a snail-covered altar of Cheibriados.
  1077 | D:2      | Found an ornate altar of the Wu Jian Council.
  1089 | D:2      | Found a sparkling altar of Nemelex Xobeh.
  1221 | D:2      | Found an ancient bone altar of Kikubaaqudgha.
  1231 | D:2      | Found a shattered altar of Ashenzari.
  1605 | D:3      | Reached skill level 3 in Axes
  1608 | D:3      | Found a blossoming altar of Fedhas.
  1724 | D:3      | Reached skill level 1 in Dodging
  1724 | D:3      | Gained mutation: You are immune to rotting. [demonic
                  | ancestry]
  1724 | D:3      | Reached XP level 5. HP: 31/41 MP: 5/5
  2002 | D:3      | Found a hazy altar of Hepliaklqana.
  2006 | D:3      | Reached skill level 4 in Axes
  2006 | D:3      | Reached XP level 6. HP: 29/48 MP: 6/6
  2026 | D:3      | Slain by an orc priest

Skill      XL: |  1  2  3  4  5 |
---------------+----------------+-----
Axes           | 2 3 4 |  4.0
Armour         | 3 |  3.3
Shields        | 3 |  3.4
Dodging        | 1 |  1.2
Fighting       | |  3.9

Action                   |  1- 3 |  4- 6 || total
-------------------------+-------+-------++-------
Melee: War axe           |   101 |   115 ||   216
       Kick              |    20 |    26 ||    46
  Use: Scroll            |     2 |     3 ||     5
  Eat: Chunk             |     1 |       ||     1
       Ration            |       |     1 ||     1
Armor: Scale mail        |    64 |    52 ||   116
Dodge: Dodged            |    31 |    46 ||    77
Block: Shield            |    55 |    56 ||   111
